 Dungeon Crawl Stone Soup version 0.28-a0-1524-ge72afd5fc6 (webtiles) character file.

Game seed: 14325109224568889177

149 knot the Chopper (level 5, 61/61 HPs)
             Began as a Demonspawn Berserker on Jan 18, 2022.
             Was a Believer of Trog.
             Quit the game on level 3 of the Dungeon.
             The game lasted 00:01:49 (1868 turns).

knot the Chopper (Demonspawn Berserker)             Turns: 1868, Time: 00:01:50

Health: 61/61      AC:  6    Str: 22    XL:     5   Next: 9%
Magic:  5/5        EV: 12    Int: 10    God:    Trog [**....]
Gold:   69         SH:  0    Dex: 13    Spells: 4/4 levels left

rFire   . . .      SeeInvis .   a - +0 hand axe
rCold   . . .      Faith    +   (no shield)
rNeg    . . .      Spirit   +   b - +0 animal skin
rPois   .          Reflect  .   (no helmet)
rElec   .          Harm     .   (no cloak)
rCorr   .          Rampage  .   p - +1 pair of gloves of the Invisible Hand {Str+5}
Will    .....                   (no boots)
Stlth   ..........              e - amulet of faith
HPRegen 0.20/turn               (no ring)
MPRegen 0.18/turn               (no ring)

@: berserking, very quick
A: slimy green scales 1, magic shield, magic regeneration
a: Renounce Religion, Berserk, Trog's Hand


You were on level 3 of the Dungeon.
You worshipped Trog.
Trog was pleased with you.
You visited 1 branch of the dungeon, and saw 3 of its levels.

You collected 69 gold pieces.

Inventory:

Hand Weapons
 a - a +0 hand axe (weapon)
Missiles
 c - 14 stones
 t - 10 sling bullets
Armour
 b - a +0 animal skin (worn)
 p - the +1 pair of gloves of the Invisible Hand (worn) {Str+5}
   (You found it on level 2 of the Dungeon)

   Str:       It affects your strength (+5).
 s - the +0 tower shield "Bitymos" {Will+ Regen+}
   (You found it on level 3 of the Dungeon)

   Regen:     It increases your rate of health regeneration.
   Will:      It increases your willpower.
Jewellery
 e - an amulet of faith (around neck)
Wands
 o - a wand of iceblast (6) (quivered)
Scrolls
 d - a scroll of summoning {unknown}
 h - a scroll of vulnerability {unknown}
 i - a scroll of magic mapping {unknown}
 j - a scroll of brand weapon {unknown}
 k - a scroll of fear {unknown}
 l - a scroll of enchant weapon {unknown}
 m - a scroll of teleportation {unknown}
 q - 2 scrolls of identify {unknown}
Potions
 f - a potion of berserk rage {unknown}
 g - 3 potions of might {unknown}
 n - a potion of brilliance {unknown}
 r - 2 potions of heal wounds {unknown}


   Skills:
 - Level 3.0 Fighting
 + Level 5.3 Axes
 - Level 1.7 Armour
 - Level 1.7 Dodging


You had 4 spell levels left.
You didn't know any spells.
Your spell library contained the following spells:

 Spells                   Type           Power      Damage    Failure   Level
 Slow                     Hex            0%         N/A       36%         1
 Sting                    Tmut/Pois      0%         1d3       36%         1
 Poisonous Vapours        Pois/Air       0%         N/A       50%         2
 Confusing Touch          Hex            0%         N/A       75%         3
 Vampiric Draining        Necr           0%         2d6       75%         3
 Olgreb's Toxic Radiance  Pois           0%         N/A       98%         4


Dungeon Overview and Level Annotations

Branches:
Dungeon (3/15)

Altars:
Wu Jian

Shops:
D:1 *


Innate Abilities, Weirdness & Mutations

You are partially covered in slimy green scales. (AC +2)
When hurt, damage is shared between your health and your magic reserves.
You regenerate magic rapidly.


Message History

Trog accepts your kill.
No target in view!
No target in view!
You see here a +0 dagger.
You see here the +0 tower shield "Bitymos" {Will+ Regen+}.
s - the +0 tower shield "Bitymos" {Will+ Regen+}
Found a stone staircase leading up.
You now have 69 gold pieces (gained 11).
You see here a +0 dagger.
t - 10 sling bullets You pick up a Young Poisoner's Handbook and begin reading...
You add the spells Sting, Poisonous Vapours and Olgreb's Toxic Radiance to your library.
A water moccasin comes into view.
The water moccasin hisses angrily.
Unknown command.
That's the wrong kind of item! (Use * to select it.) Evoke which item? (* to show all) (? for menu, Esc to quit)
Aiming: Iceblast
Press: ? - help, Shift-Dir - straight line, f - water moccasin
Aim: a water moccasin The mass of ice explodes!
The iceblast engulfs the water moccasin!
The water moccasin is severely wounded.
You hear a shout! x2
A red film seems to cover your vision as you go berserk!
You feel yourself moving faster!
You feel mighty! The water moccasin misses you.
You miss the water moccasin.
The water moccasin is heavily wounded.
You slice the water moccasin!!
You kill the water moccasin!
Trog accepts your kill.
Your Axes skill increases to level 5!
You have reached level 4!
You feel agile.
Your demonic ancestry asserts itself...
You feel your magical essence form a protective shroud around your flesh.
You have reached level 5!
Your demonic ancestry asserts itself...
Slimy green scales grow over part of your body.
Are you sure you want to abandon this character and quit the game? (Confirm with "yes".)

#.##.# .........#
#.##.###.##......#
#)##.##.........#
####.##.##.###....#
#................#
##..<............#
##.....######.#.#
#..#########.# #
..........†@..#
#.############## ##


There were no monsters in sight!

Vanquished Creatures
  A water moccasin (D:3)
  An adder (D:2)
  A dart slug (D:2)
  An orc (D:2)
  4 ball pythons
  2 bats
  An endoplasm (D:1)
  2 giant cockroaches
  4 goblins
  5 jackals (D:2)
  4 kobolds (D:1)
  2 quokkas
  2 frilled lizards
  3 rats
33 creatures vanquished.

Notes
Turn   | Place    | Note
-------+----------+-------------------------------------------
     0 | D:1      | knot the Demonspawn Berserker began the quest for the Orb.
     0 | D:1      | Reached XP level 1. HP: 18/18 MP: 1/1
   266 | D:1      | Reached skill level 3 in Axes
   324 | D:1      | Found Cuotax's Assorted Antiques.
   330 | D:1      | Gained mutation: You regenerate magic rapidly. [demonic
                  | ancestry]
   330 | D:1      | Reached XP level 2. HP: 24/24 MP: 2/2
  1182 | D:2      | Found an ornate altar of the Wu Jian Council.
  1211 | D:2      | Identified the +1 pair of gloves of the Invisible Hand
                  | {Str+5}
  1404 | D:2      | Reached XP level 3. HP: 29/29 MP: 3/3
  1515 | D:2      | Reached ** piety under Trog
  1516 | D:2      | Reached skill level 4 in Axes
  1834 | D:3      | Identified the +0 tower shield "Bitymos" {Will+ Regen+}
  1861 | D:3      | Noticed a water moccasin
  1867 | D:3      | Killed a water moccasin
  1868 | D:3      | Reached skill level 5 in Axes
  1868 | D:3      | Gained mutation: When hurt, damage is shared between your
                  | health and your magic reserves. [demonic ancestry]
  1868 | D:3      | Reached XP level 4. HP: 35/35 MP: 4/4
  1868 | D:3      | Gained mutation: You are partially covered in slimy green
                  | scales. (AC +2) [demonic ancestry]
  1868 | D:3      | Reached XP level 5. HP: 41/41 MP: 5/5
  1868 | D:3      | Quit the game

Illustrated notes

Levels and vault maps discovered:
D:1:      matt_arrival_los_fun, layout_rooms, serial_shops, shop, st_stairs_7
D:2:      layout_loops_corners, basic_altar
D:3:      layout_loops_ring, lemuel_doored_altar,
          shapermc_ecumenical_altar_venn, chequers_serial_rivers_small_3,
          nicolae_figureground_sparkle, uniq_jessica, uniq_terence

Skill      XL: |  1  2  3 |
---------------+----------+-----
Axes           | 3 5 |  5.3
Fighting       | |  3.0
Armour         | |  1.7
Dodging        | |  1.7

Action                   |  1- 3 |  4- 6 || total
-------------------------+-------+-------++-------
Melee: Hand axe          |    82 |       ||    82
Invok: Berserk           |     2 |       ||     2
Evoke: Wand              |     1 |       ||     1
 Stab: Sleeping          |     1 |       ||     1
Armor: Animal skin       |    18 |       ||    18
Dodge: Dodged            |    63 |       ||    63

Table legend: (Time is in decaauts)
 A = Elapsed time spent in this place.
 B = Non-inter-level travel time spent in this place.
 C = Inter-level travel time spent in this place.
 D = Time resting spent in this place.
 E = Time spent auto-exploring this place.
 F = Levels seen in this place.
 G = Mean time per level.
                   A        B        C        D        E       F      G
               +--------+--------+--------+--------+--------+-----+--------+
         Total |   1891 |   1780 |    111 |    183 |   1357 |   3 |  630.3 |
       Dungeon |   1891 |   1780 |    111 |    183 |   1357 |   3 |  630.3 |
               +--------+--------+--------+--------+--------+-----+--------+

Top non-repeatable levels by time:
     D:2: 1116 daAuts
     D:1: 726 daAuts
     D:3: 48 daAuts
